 Dungeon Crawl Stone Soup version 0.29-a0-393-g47a863cc1b (webtiles) character file.

Game seed: 10301312342780334154

499 zishaf the Skirmisher (level 7, 0/79 HPs)
             Began as an Ogre Chaos Knight on May 9, 2022.
             Was a Plaything of Xom.
             Succumbed to Ijyb's poison
             ... on level 4 of the Dungeon.
             The game lasted 00:07:10 (3681 turns).

zishaf the Skirmisher (Ogre Chaos Knight)           Turns: 3681, Time: 00:07:10

Health: 0/79       AC:  3    Str: 19    XL:     7   Next: 16%
Magic:  7/7        EV:  9    Int: 13    God:    Xom [...*..]
Gold:   345        SH:  0    Dex:  6    Spells: 6/6 levels left

rFire   . . .      SeeInvis .   o - +4 flail
rCold   . . .      Faith    .   (no shield)
rNeg    . . .      Spirit   .   i - +0 troll leather armour {Pargi}
rPois   .          Reflect  .   (helmet restricted)
rElec   .          Harm     .   (no cloak)
rCorr   .          Rampage  .   (gloves unavailable)
Will    .....                   (boots unavailable)
Stlth   +.........              (no amulet)
HPRegen 1.03/turn               (no ring)
MPRegen 0.10/turn               (no ring)

@: lethally poisoned (0 -> -21), unable to read
A: large, unfitting armour, tough skin 1, clumsy 1, deformed body, screaming 2,
inability to read while threatened
a: Renounce Religion


You were on level 4 of the Dungeon.
You worshipped Xom.
You were a favourite toy of Xom.
You visited 1 branch of the dungeon, and saw 4 of its levels.
You also visited: Sewer.

You collected 345 gold pieces.

Inventory:

Hand Weapons
 a - a +0 mace of chaos
 b - a +0 hunting sling
 o - a +4 flail (weapon)
Missiles
 e - 6 atropa-tipped darts
 n - 6 poisoned darts
Armour
 d - a +2 robe
 i - a +0 troll leather armour (worn) {Pargi}
Wands
 j - a wand of iceblast (1)
Scrolls
 f - a scroll of teleportation
Potions
 h - a potion of lignification
 k - a potion of flight {unknown}
 l - a potion of ambrosia {unknown}
 m - a potion of brilliance
 p - a potion of haste
Miscellaneous
 c - a piece from Xom's chessboard (14/15) (quivered)


   Skills:
 + Level 7.9 Fighting
 + Level 5.4 Maces & Flails
 - Level 2.1 Dodging


You had 6 spell levels left.
You didn't know any spells.
Your spell library contained the following spells:

 Spells                   Type           Power      Damage    Failure   Level
 Animate Skeleton         Necr           0%         N/A       36%         1
 Magic Dart               Conj           0%         1d3       36%         1
 Pain                     Necr           0%         1d4       36%         1
 Call Imp                 Summ           0%         N/A       50%         2
 Call Canine Familiar     Summ           0%         N/A       73%         3
 Mephitic Cloud           Conj/Pois/Air  0%         N/A       73%         3
 Portal Projectile        Hex/Tloc       0%         N/A       73%         3
 Vampiric Draining        Necr           0%         2d6       73%         3
 Leda's Liquefaction      Hex/Erth       0%         N/A       98%         4


Dungeon Overview and Level Annotations

Branches:
Dungeon (4/15)              Sewer (visited)
 Temple: D:4-7

Altars:

Shops:
D:2 [   D:4 ==

Annotations:
D:4 Ijyb


Innate Abilities, Weirdness & Mutations

You are too large for most types of armour.
You have tough skin. (AC +1)
You are clumsy. (Dex -2)
Armour fits poorly on your strangely shaped body.
You frequently scream uncontrollably at your foes.
You sometimes lose the ability to read scrolls when taking damage.


Message History

You are too injured to fight recklessly!
You are too injured to fight recklessly!
You barely miss Ijyb. Your punch misses Ijyb.
Ijyb is moderately wounded.
You feel extremely sick.
Ijyb hits you with a +1 dagger of venom.
You are lethally poisoned!
Ijyb hits you with a +1 dagger of venom.
You are more poisoned.
You feel better.
Ijyb hits you with a +1 dagger of venom.
You are poisoned.
You closely miss Ijyb.
Ijyb is moderately wounded.
You feel very sick.
Ijyb hits you with a +1 dagger of venom.
You are more poisoned.
Ijyb hits you with a +1 dagger of venom.
You feel threatened and lose the ability to read scrolls!
You are more poisoned.
You barely miss Ijyb.
Ijyb is moderately wounded.
You feel very sick.
Ijyb hits you with a +1 dagger of venom.
* * * LOW HITPOINT WARNING * * *
You are more poisoned.
Unknown command.
You make a move on Xom's chessboard...
Ijyb is outlined in light.
* * * LOW HITPOINT WARNING * * *
You feel very sick.
Ijyb hits you with a +1 dagger of venom.
* * * LOW HITPOINT WARNING * * *
You are more poisoned.
Ijyb hits you with a +1 dagger of venom.
* * * LOW HITPOINT WARNING * * *
Okay, then.
You hit Ijyb.
Ijyb is heavily wounded.
You die...
Xom thinks this is hilarious!

.....#.......#[...#.#...#
...#....##..........#...#
...#... ..........#######
......# ...........#
...... ........##.#
...... .........##.##
...#.. .........##..##
..#..................# ∆
................@#...#
...##..##......#g##.....
..........#.....∩. ...##
...............#.####>#
..<........####... #
.#......... ∆ ...
##........ ... ..........
..... ###....... ∆


You could see Ijyb (fast, corona).

Vanquished Creatures
  Sigmund (D:2)
  Pargi (Sewer)
  Terence (D:3)
  Natasha (thrice) (D:2)
  Robin (D:3)
  3 gnolls (D:3)
  3 adders
  A worm (D:4)
  2 dart slugs
  7 ball pythons
  11 endoplasms
  A giant cockroach (D:4)
  10 hobgoblins
  4 kobolds
  3 quokkas
  10 bats
  2 frilled lizards
  19 goblins
  4 rats
87 creatures vanquished.

Vanquished Creatures (others)
  A goblin (D:3)
  A kobold (D:1)
2 creatures vanquished.

Grand Total: 89 creatures vanquished

Notes
Turn   | Place    | Note
-------+----------+-------------------------------------------
     0 | D:1      | zishaf the Ogre Chaos Knight began the quest for the Orb.
     0 | D:1      | Reached XP level 1. HP: 24/24 MP: 1/1
     6 | D:1      | XOM: silly message
    15 | D:1      | XOM: destruction
    25 | D:1      | HP: 1/24 [goblin/+0 dagger (3)]
   187 | D:1      | Reached XP level 2. HP: 18/33 MP: 2/2
   847 | D:1      | XOM: enchant monster (bad)
  1319 | D:2      | Found Maklakah's Antique Armour Emporium.
  1321 | D:2      | Reached XP level 3. HP: 41/41 MP: 3/3
  1347 | D:2      | Noticed Natasha
  1350 | D:2      | XOM: confuse monster(s)
  1353 | D:2      | XOM: smoke on damage
  1354 | D:2      | Killed Natasha
  1355 | D:2      | Reached skill level 5 in Fighting
  1413 | D:2      | You fall into a shaft and drop 2 floors!
  1463 | D:4      | Reached XP level 4. HP: 14/50 MP: 4/4
  1485 | D:4      | Found Eryzxi's Jewellery Emporium.
  1507 | D:4      | Found a glowing drain.
  1534 | D:4      | XOM: stat loss: -1 Str (17/18)
  1706 | Sewer    | Entered a sewer
  1795 | Sewer    | Noticed Pargi
  1802 | Sewer    | XOM: summons 4 friendly demons
  1803 | Sewer    | Killed Pargi
  1804 | Sewer    | Reached skill level 6 in Fighting
  1804 | Sewer    | Reached XP level 5. HP: 59/59 MP: 5/5
  1853 | Sewer    | XOM: give mutation
  1853 | Sewer    | Gained mutation: You occasionally shout uncontrollably at
                  | your foes. [Xom's mischief]
  1885 | D:4      | XOM: divination: detect items
  1905 | D:2      | Noticed Sigmund
  1924 | D:2      | Killed Sigmund
  1925 | D:2      | Reached skill level 7 in Fighting
  1925 | D:2      | Reached XP level 6. HP: 60/71 MP: 6/6
  2039 | D:2      | Found a faded altar of an unknown god.
  2357 | D:2      | XOM: smoke on damage
  2375 | D:2      | Reached skill level 5 in Maces & Flails
  2421 | D:2      | XOM: give mutations
  2421 | D:2      | Gained mutation: You are clumsy. (Dex -2) [Xom's mischief]
  2421 | D:2      | Gained mutation: You frequently scream uncontrollably at
                  | your foes. [Xom's mischief]
  2421 | D:2      | Gained mutation: You sometimes lose the ability to read
                  | scrolls when taking damage. [Xom's mischief]
  2551 | D:2      | Noticed Natasha
  2560 | D:2      | Killed Natasha
  2595 | D:2      | XOM: 3-stop teleportation journey
  2762 | D:2      | Noticed Natasha
  2770 | D:2      | Killed Natasha
  2853 | D:3      | Noticed Robin
  2865 | D:3      | XOM: enchant monster (good)
  2886 | D:3      | Killed Robin
  2895 | D:3      | XOM: give mutation
  2895 | D:3      | Gained mutation: Armour fits poorly on your strangely
                  | shaped body. [Xom's mischief]
  3168 | D:3      | Reached XP level 7. HP: 62/79 MP: 7/7
  3248 | D:3      | XOM: smoke on damage
  3426 | D:3      | Noticed Terence
  3442 | D:3      | Killed Terence
  3664 | D:4      | Found Atwuh's Jewellery Emporium.
  3668 | D:4      | Noticed Ijyb
  3681 | D:4      | Succumbed to Ijyb's poison

Illustrated notes

Levels and vault maps discovered:
D:1:      onia_arrival_pentagram, layout_basic, serial_bayou_pond_a
D:2:      kennysheep_the_goblin_king, layout_basic,
          shapermc_ecumenical_altar_acropolis, serial_shops,
          nicolae_shop_temple_entry_statues_fountains, uniq_natasha,
          uniq_sigmund
D:3:      layout_loops_ring, minmay_misc_feat_four_crosses,
          kennysheep_generic_room_16, uniq_terence, uniq_robin
D:4:      layout_rooms, cheibrodos_sewer_entry_bend, serial_shops,
          nicolae_shop_behind_doors, nicolae_diamond_shop, nicolae_shop_crystal,
          dreamdust_mushroom_princess, uniq_ijyb

Skill      XL: |  1  2  3  4  5  6 |
---------------+-------------------+-----
Maces & Flails | 3 4 5 |  5.4
Fighting       | 5 6 7 |  7.9
Dodging        | |  2.1

Action                   |  1- 3 |  4- 6 |  7- 9 || total
-------------------------+-------+-------+-------++-------
Melee: Mace              |   102 |   148 |    38 ||   288
       Punch             |     2 |     1 |       ||     3
       Flail             |       |       |    10 ||    10
Evoke: Piece from Xom's  |       |       |     1 ||     1
  Use: Scroll            |     1 |     1 |     3 ||     5
       Potion            |       |     3 |     1 ||     4
 Stab: Paralysed         |     1 |       |     2 ||     3
Armor: Robe              |    50 |    29 |       ||    79
       Troll leather arm |       |    77 |    10 ||    87
Dodge: Dodged            |    70 |   113 |    19 ||   202

Table legend: (Time is in decaauts)
 A = Elapsed time spent in this place.
 B = Non-inter-level travel time spent in this place.
 C = Inter-level travel time spent in this place.
 D = Time resting spent in this place.
 E = Time spent auto-exploring this place.
 F = Levels seen in this place.
 G = Mean time per level.
                   A        B        C        D        E       F      G
               +--------+--------+--------+--------+--------+-----+--------+
         Total |   3766 |   3658 |    108 |    288 |   2541 |   5 |  753.2 |
       Dungeon |   3599 |   3491 |    108 |    288 |   2489 |   4 |  899.8 |
         Sewer |    167 |    167 |      0 |      0 |     52 |   1 |  167.0 |
               +--------+--------+--------+--------+--------+-----+--------+

Top non-repeatable levels by time:
     D:1: 1228 daAuts
     D:2: 1120 daAuts
     D:3: 834 daAuts
     D:4: 416 daAuts
   Sewer: 167 daAuts
